Map: 2000 Atmospheres LE

Players

Pumba - Winner!

  • Race: Zerg Zerg
  • League: Platinum
  • Spawn Location: 7:00

Budz

  • Race: Terran Terran
  • Spawn Location: 3:00

VOD

Have the link to the VOD?

Description

Time

  • Played on: Aug. 10, 2021, 5:54 p.m.
  • Length: 22:40
Show
View Real Time Build Order
Export as new Build Order

Pumba Zerg - Winner!

Build Orders: Pool First 

Get SALT Encoding   

  12  0:01  Drone  
  13  0:12  Overlord  
  13  0:16  Drone  
  14  0:31  Drone x2  
  16  0:39  Drone  
  17  0:48  Spawning Pool  
  17  0:49  Drone  
  17  1:09  Hatchery  
  16  1:12  Drone  
  16  1:14  Extractor  
  16  1:16  Drone  
  17  1:20  Drone  
  18  1:30  Drone  
  19  1:36  Queen  
  19  1:39  Zergling x2  
  22  1:49  Overlord  
  22  2:11  Drone x2  
  22  2:12  Queen  
  26  2:18  Metabolic Boost  
  26  2:28  Drone x2  
  28  2:41  Drone x2  
  30  2:53  Drone x5  
  34  3:05  Overlord  
  34  3:10  Overlord  
  34  3:16  Roach Warren  
  34  3:17  Drone  
  34  3:27  Drone x4  
  34  3:28  Drone x2  
  34  3:29  Overlord  
  40  3:36  Overlord  
  40  3:43  Overlord x2  
  40  3:59  Drone x7  
  40  4:00  Hatchery, Overlord  
  46  4:04  Drone  
  46  4:07  Lair  
  46  4:09  Extractor  
  46  4:11  Extractor x2  
  44  4:32  Queen  
  44  4:35  Drone x8  
  54  4:45  Roach x3  
  60  4:46  Roach  
  60  4:50  Spore Crawler  
  60  4:52  Spore Crawler  
  60  5:09  Glial Reconstitution, Overlord  
  60  5:11  Roach x6  
  60  5:12  Roach  
  74  5:18  Overlord  
  74  5:19  Overlord  
  74  5:33  Spore Crawler  
  73  5:39  Roach x6  
  73  5:41  Overlord x2  
  73  5:42  Roach x2  
  84  5:59  Drone  
  84  6:00  Drone x2  
  84  6:01  Drone  
  88  6:07  Roach x3  
  88  6:09  Roach x2  
  98  6:24  Queen  
  100  6:34  Roach x9  
  100  6:37  Overseer  
  118  6:40  Overlord  
  118  6:41  Overlord x3  
  118  6:43  Roach  
  118  6:44  Roach  
  122  6:59  Overlord x3  
  122  7:06  Roach x5  
  132  7:09  Ravager x4  
  132  7:10  Ravager  
  132  7:11  Ravager  
  138  7:25  Evolution Chamber  
  138  7:26  Hydralisk Den  
  138  7:28  Evolution Chamber  
  135  7:30  Drone x6  
  118  8:04  Drone x14  
  132  8:10  Drone x3, Extractor x2  
  133  8:18  Zerg Missile Weapons Level 1  
  133  8:19  Zerg Ground Armor Level 1  
  133  8:20  Grooved Spines  
  133  8:30  Overlord  
  133  8:37  Hatchery  
  100  8:57  Hydralisk x11  
  122  9:21  Overseer  
  122  9:22  Overseer  
  122  9:26  Zergling x2  
  122  9:28  Zergling x2  
  122  9:30  Zergling x2  
  125  9:32  Overlord  
  125  9:35  Overlord  
  125  9:38  Overlord  
  125  9:39  Overlord  
  125  9:45  Hydralisk x11  
  147  9:56  Overlord x2  
  147  10:12  Hydralisk Den  
  145  10:16  Extractor  
  145  10:17  Extractor  
  145  10:19  Roach Warren  
  142  10:28  Drone x4  
  145  10:34  Spore Crawler, Drone x3  
  148  10:38  Spore Crawler  
  148  10:39  Zerg Missile Weapons Level 2, Zerg Ground Armor Level 2  
  147  10:43  Muscular Augments, Hydralisk x9  
  165  10:57  Hydralisk x6  
  176  11:29  Roach x4  
  176  11:30  Hydralisk, Roach x7  
  194  12:18  Roach x2  
  198  12:28  Infestation Pit  
  135  13:14  Hydralisk x19  
  135  13:16  Hydralisk x9  
  164  13:43  Lair  
  159  13:57  Hatchery  
  158  14:13  Hydralisk x9  
  118  15:19  Overseer x2  
  118  15:20  Overseer  
  118  15:22  Drone x3  
  118  15:23  Drone x6  
  118  15:26  Drone x10  
  137  15:39  Hatchery  
  137  15:40  Extractor  
  137  15:42  Extractor  
  134  15:56  Roach x9  
  152  16:37  Drone  
  159  16:40  Roach x12  
  159  16:42  Hydralisk x4, Roach x2  
  159  16:43  Hydralisk  
  191  16:55  Zergling x2  
  191  16:56  Overlord  
  191  17:00  Hive  
  192  17:03  Roach x3  
  197  17:34  Pneumatized Carapace  
  129  18:46  Hydralisk x4  
  129  18:47  Hydralisk x18  
  147  18:49  Roach x9  
  147  18:50  Hydralisk x2  
  149  19:16  Hydralisk x4  
  149  19:17  Hydralisk x8  
  163  19:36  Roach x12  
  187  19:39  Overseer  
  187  19:41  Zerg Missile Weapons Level 3  
  187  19:42  Zerg Ground Armor Level 3  
  184  19:57  Extractor  
  184  19:58  Hatchery  
  162  20:02  Extractor  
  139  20:08  Roach x2  
  139  20:09  Roach x12  
  121  21:11  Hydralisk, Roach x11  
  145  21:20  Overlord x2  
  145  21:21  Overlord x2  
  145  21:22  Overseer x3  
  145  21:24  Roach x6  
  145  21:25  Hydralisk x10, Roach  
  179  21:51  Hydralisk x2  
  179  21:52  Hydralisk x8  
  179  21:54  Roach  
Show
View Real Time Build Order
Export as new Build Order

Budz Terran 

Build Orders: Command Center First (CC) 

Get SALT Encoding   

  12  0:00  SCV  
  13  0:12  SCV  
  14  0:17  Supply Depot  
  14  0:25  SCV  
  15  0:38  SCV  
  16  0:51  SCV  
  17  1:00  Command Center  
  17  1:03  SCV  
  18  1:15  Barracks  
  18  1:17  SCV  
  19  1:24  Refinery  
  19  1:29  SCV  
  20  1:41  SCV  
  21  1:53  SCV  
  22  2:02  Marine  
  22  2:05  Orbital Command  
  23  2:14  Orbital Command  
  23  2:15  Bunker  
  23  2:20  Refinery, Marine  
  23  2:29  Factory  
  23  2:34  SCV  
  23  2:35  Orbital Command  
  24  2:37  Marine  
  25  2:47  SCV  
  26  2:59  Barracks Reactor  
  26  3:01  SCV  
  26  3:02  Command Center  
  26  3:04  SCV  
  30  3:13  Widow Mine  
  30  3:14  Starport  
  30  3:17  SCV  
  30  3:18  SCV  
  32  3:29  SCV  
  32  3:30  SCV  
  34  3:41  SCV  
  34  3:42  SCV  
  34  3:43  Barracks Tech Lab  
  34  3:48  Hellion  
  37  3:53  SCV  
  38  3:56  Barracks  
  38  3:58  Supply Depot  
  38  4:09  Barracks  
  38  4:13  SCV x2, Medivac  
  38  4:14  Hellion x2  
  38  4:16  Orbital Command  
  46  4:25  SCV x2  
  48  4:35  Hellion, Widow Mine  
  48  4:37  Engineering Bay, SCV  
  53  4:40  Engineering Bay, SCV  
  53  4:42  SCV  
  53  4:45  Barracks Reactor  
  55  4:48  Viking  
  55  4:49  SCV  
  55  4:52  SCV  
  59  4:54  Supply Depot  
  59  5:00  Supply Depot  
  59  5:05  Orbital Command  
  59  5:06  Terran Infantry Armor Level 1, Terran Infantry Weapons Level 1  
  60  5:07  SCV x2  
  60  5:11  Refinery  
  60  5:12  Refinery  
  60  5:13  Stimpack  
  61  5:21  Factory Tech Lab  
  61  5:27  SCV x2  
  63  5:33  Supply Depot, SCV  
  63  5:35  Supply Depot  
  64  5:38  Marine x5  
  64  5:39  SCV x2  
  71  5:44  Siege Tank  
  71  5:45  SCV  
  71  5:47  Starport Reactor  
  75  5:56  Marine x5  
  78  5:59  SCV  
  78  6:00  SCV x2  
  81  6:06  Armory  
  81  6:12  SCV x3  
  81  6:13  Marine  
  81  6:14  Marine x4  
  81  6:16  Siege Tank  
  92  6:31  Supply Depot  
  92  6:32  Supply Depot  
  92  6:33  Bunker  
  92  6:34  Marine  
  93  6:40  Marine x4  
  93  6:42  Medivac x2  
  93  6:44  Command Center  
  101  6:52  SCV, Siege Tank, Marine  
  101  6:53  SCV x2  
  108  6:56  Combat Shield  
  108  6:58  Marine  
  109  7:05  SCV x2, Marine x3  
  114  7:10  Marine  
  114  7:13  Terran Infantry Armor Level 2, Terran Infantry Weapons Level 2  
  114  7:15  SCV  
  116  7:16  Marine  
  116  7:20  Refinery  
  116  7:21  Refinery  
  117  7:24  Terran Vehicle Weapons Level 1  
  117  7:25  Supply Depot  
  117  7:39  Marine  
  117  7:40  SCV x2, Marine x2  
  117  7:41  SCV, Marine x2  
  114  7:50  Orbital Command  
  105  7:52  SCV  
  105  7:53  SCV  
  105  7:57  Marine  
  105  7:58  Marine x2  
  110  7:59  Marine x2  
  110  8:04  SCV, Siege Tank  
  116  8:05  SCV  
  117  8:15  Medivac x2, Marine x3  
  124  8:22  Command Center  
  124  8:23  Command Center  
  124  8:24  SCV x2  
  114  9:07  Supply Depot  
  114  9:10  Bunker  
  114  9:11  Orbital Command  
  114  9:28  Marine x3  
  117  9:34  Terran Infantry Weapons Level 3, Terran Infantry Armor Level 3, Siege Tank, Marine x2, SCV x2  
  117  9:36  SCV x2  
  126  9:40  Barracks  
  126  9:41  Barracks  
  126  9:44  Medivac x2  
  130  9:46  SCV x2, Factory, Marine x3  
  130  9:50  Factory  
  130  9:52  Marine x2  
  137  10:03  Marine x3  
  137  10:06  Siege Tank  
  143  10:09  Marine x2  
  133  10:21  Marine x3  
  133  10:27  Marine x2  
  138  10:30  Barracks Reactor x2  
  138  10:31  Medivac x2  
  138  10:34  Fusion Core, Terran Vehicle Weapons Level 2  
  142  10:38  Siege Tank  
  142  10:39  Marine x2  
  147  10:43  Command Center  
  147  10:45  Command Center  
  147  10:48  Factory Tech Lab x2  
  147  10:54  Ghost Academy  
  147  11:02  Orbital Command  
  147  11:22  Marine  
  147  11:29  Rapid Reignition System  
  147  11:30  Marine, Drilling Claws  
  147  11:31  SCV  
  147  11:32  Marine  
  147  11:39  SCV  
  147  11:40  SCV  
  147  11:41  Marine  
  147  11:44  Marine x2  
  147  11:45  Marine  
  147  11:46  Marine x2  
  147  11:47  Marine  
  147  11:49  Marine  
  147  11:51  Marine  
  141  11:58  Marine, Planetary Fortress  
  141  12:00  SCV x3  
  146  12:02  Marine x3  
  146  12:04  Marine x2  
  146  12:05  Marine  
  146  12:06  Marine  
  152  12:09  Marine  
  152  12:11  Medivac x2  
  152  12:14  Barracks  
  152  12:15  Barracks  
  157  12:16  Marine  
  157  12:19  Marine  
  157  12:20  Marine x2  
  157  12:22  Marine x2  
  162  12:23  Marine  
  162  12:24  Marine  
  162  12:27  Marine  
  165  12:34  Marine  
  166  12:37  Marine  
  166  12:41  Medivac x2, Siege Tank x3  
  172  12:56  Marine x3  
  172  12:57  Marine x2  
  114  13:13  Siege Tank x3  
  114  13:14  Marine x4  
  114  13:15  Marine  
  105  13:32  Marine x4  
  105  13:33  Marine  
  110  13:36  Barracks Tech Lab x2  
  102  13:42  Planetary Fortress  
  102  13:43  SCV x2  
  102  13:46  Siege Tank x2  
  98  13:49  Marine x2  
  98  13:50  Marine x3  
  98  13:54  Terran Vehicle Weapons Level 3  
  104  13:55  SCV x2  
  105  14:07  SCV, Marine x2  
  105  14:08  Marine x3  
  111  14:15  Marine x2  
  111  14:16  Barracks x2  
  113  14:17  Barracks  
  113  14:18  Bunker  
  108  14:25  Marine x3  
  108  14:26  Siege Tank x3, Marine x2  
  122  14:32  Marine  
  122  14:36  Marine  
  124  14:39  Command Center  
  124  14:43  Marine x3  
  127  14:49  Marine x2  
  127  14:50  Marine  
  122  14:54  Marine  
  122  14:58  Siege Tank  
  112  15:06  Marine x3  
  94  15:07  Marine x2  
  94  15:08  Marine  
  93  15:15  Marine  
  94  15:33  SCV x3  
  97  15:46  Marine x2  
  97  15:47  SCV, Marine x2  
  102  15:59  Marine x3  
  102  16:01  SCV x2  
  107  16:04  Marine x3  
  107  16:07  Command Center  
  110  16:14  Refinery  
  110  16:16  Refinery, Marine  
  110  16:17  Marine x3  
  114  16:22  Marine x2  
  114  16:24  SCV x2  
  118  16:33  Command Center  
  118  16:40  Marine x3  
  118  16:41  Marine x4  
  118  16:42  SCV  
  126  16:58  Siege Tank x2  
  126  17:00  Siege Tank  
  135  17:08  Orbital Command  
  135  17:14  Bunker x2  
  134  17:33  Marine x3  
  134  17:34  Marine x4  
  138  17:51  Marine x3  
  138  17:52  Marine x4  
  145  18:05  Planetary Fortress  
  145  18:07  SCV x2  
  145  18:09  Marine  
  136  18:24  Marine  
  136  18:25  Marine x5  
  136  18:27  Marine  
  124  18:42  Marine x3  
  124  18:43  Marine x3  
  124  18:44  Marine  
  109  19:00  Marine x4  
  109  19:01  Marine x2  
  109  19:02  Marine  
  99  19:18  Marine x4  
  103  19:26  SCV x2  
  105  19:40  SCV  
  105  19:41  Planetary Fortress  
  105  19:43  SCV x2  
  108  19:52  Supply Depot, SCV  
  109  19:55  SCV x2  
  102  20:04  SCV  
  93  20:07  SCV x2  
  92  20:16  SCV, Marine x2  
  92  20:17  Siege Tank, Marine  
  79  20:33  Marine x4  
  79  20:34  Marine  
  64  20:44  Marine x2  
  63  20:50  Marine  
  63  20:52  Orbital Command  
  64  21:06  SCV  
  64  21:07  SCV  
  66  21:18  SCV  
  66  21:19  SCV  
  66  21:21  Marine  
  66  21:22  Marine x3  
  66  21:23  SCV  
  73  21:30  SCV  
  73  21:31  SCV  
  73  21:32  Marine x3  
  78  21:35  SCV  
  78  21:39  Marine x2  
  80  21:43  SCV  
  80  21:46  SCV  
  83  21:47  SCV  
  83  21:53  Siege Tank x2  
  81  21:55  SCV  
  81  22:11  Marine  
  81  22:12  Marine x6  
Tags
 
Add a new tag
Caveats
  • Supply blocks, unpowered buildings, or Contaminate may cause inaccurate times.
  • Supply counts are checked every 10 seconds.